 Dungeon Crawl Stone Soup version 0.21.1-1-g345015f (webtiles) character file.

2923 tidbits the Reanimator (level 9, 26/66 HPs)
             Began as a Gnoll Necromancer on June 26, 2018.
             Quit the game on level 7 of the Dungeon.
             The game lasted 00:13:16 (1696 turns).

tidbits the Reanimator (Gnoll Necromancer)          Turns: 1696, Time: 00:13:17

Health: 26/66      AC:  7    Str: 10    XL:     9   Next: 79%
Magic:  2/19       EV: 17    Int: 21    God:
Gold:   232        SH:  6    Dex: 21    Spells: 7/21 levels left

rFire    . . .     SeeInvis .   W - +2 scimitar (freeze) (curse)
rCold    . . .     Gourm    .   B - +0 buckler
rNeg     + . .     Faith    .   H - +3 leather armour {rPois}
rPois    +         Spirit   .   (no helmet)
rElec    .         Reflect  .   V - +0 cloak "Tuno" {Dex+5 Stlth+} (curse)
rCorr    .         Harm     +   (no gloves)
MR       .....                  (no boots)
Stlth    ++++......             P - amulet of harm
HPRegen  0.21/turn              v - ring of poison resistance
MPRegen  0.16/turn              L - ring of positive energy

@: no status effects
A: distributed training, fangs 1, strong nose
a: no special abilities


You were on level 7 of the Dungeon.
You were not hungry.

You visited 1 branch of the dungeon, and saw 8 of its levels.

You collected 232 gold pieces.

Inventory:

Hand Weapons
 a - a +0 dagger
 b - a +0 halberd
 s - the +7 whip "Kostrebe" {flame, Stlth+}
   (You found it on level 5 of the Dungeon)

   It has been specially enchanted to burn those struck by it, causing extra
   injury to most foes and up to half again as much damage against particularly
   susceptible opponents.
   It makes you more stealthy.
 z - a cursed -2 long sword
 E - a +1 dagger of pain
   (You took it off an orc wizard on level 4 of the Dungeon)
 F - a +1 dagger of electrocution
   (You took it off an orc priest on level 4 of the Dungeon)
 J - a +0 war axe
 M - a +0 hand axe of flaming
   (You found it on level 4 of the Dungeon)
 W - a cursed +2 scimitar of freezing (weapon)
   (You took it off a wight on level 7 of the Dungeon)
 X - a +0 hunting sling of freezing
   (You took it off Joseph on level 7 of the Dungeon)
Missiles
 d - 88 arrows
 G - 2 poisoned tomahawks (quivered)
 T - a throwing net {!f}
 Y - 22 sling bullets
Armour
 i - a +0 robe
 x - a +0 ring mail
 B - a +0 buckler (worn)
 C - a cursed +0 robe
 H - a +3 leather armour of poison resistance (worn)
   (You took it off an orc on level 5 of the Dungeon)
 I - a +1 leather armour of cold resistance
   (You took it off an orc on level 4 of the Dungeon)
 R - a scarf of repulsion
   (You found it on level 8 of the Dungeon)
 V - the cursed +0 cloak "Tuno" (worn) {Dex+5 Stlth+}
   (You found it on level 7 of the Dungeon)

   It affects your dexterity (+5).
   It makes you more stealthy.
   It has a curse placed upon it.
Jewellery
 l - an uncursed amulet of the gourmand
   (You found it on level 2 of the Dungeon)
 v - a ring of poison resistance (left hand)
   (You found it on level 5 of the Dungeon)
 L - a ring of positive energy (right hand)
   (You took it off Blork the orc on level 5 of the Dungeon)
 P - an amulet of harm (around neck)
   (You found it on level 8 of the Dungeon)
Wands
 N - a wand of disintegration (6)
 Q - a wand of iceblast (7)
Scrolls
 f - 2 scrolls of remove curse {unknown}
 h - 7 scrolls of identify
 j - 4 scrolls of teleportation {unknown}
 o - a scroll of magic mapping {unknown}
 p - a scroll of enchant armour {unknown}
 w - 2 scrolls of amnesia {unknown}
 y - a scroll of fear {unknown}
 D - a scroll of fog {unknown}
 O - a scroll of noise
 S - a scroll of random uselessness {unknown}
Potions
 e - a potion of cancellation {unknown}
 g - 3 potions of brilliance {unknown}
 k - 2 potions of resistance {unknown}
 m - a potion of mutation {unknown}
 n - a potion of curing {unknown}
 r - 2 potions of haste {unknown}
 t - 2 potions of degeneration {unknown}
 u - a potion of invisibility {unknown}
 K - a potion of flight {unknown}
Books
 q - a book of Necromancy

   Spells                             Type                      Level
   a - Pain                           Necromancy                   1
   b - Animate Skeleton               Necromancy                   1
   c - Vampiric Draining              Necromancy                   3
   d - Regeneration                   Charms/Necromancy            3
   e - Animate Dead                   Necromancy                   4
   f - Borgnjor's Vile Clutch         Necromancy/Earth             5
 A - a book of Cantrips
   (You found it on level 7 of the Dungeon)

   Spells                             Type                      Level
   a - Confusing Touch                Hexes                        1
   b - Animate Skeleton               Necromancy                   1
   c - Summon Small Mammal            Summoning                    1
   d - Apportation                    Translocation                1
 U - a book of Maledictions
   (You found it on level 7 of the Dungeon)

   Spells                             Type                      Level
   a - Corona                         Hexes                        1
   b - Ensorcelled Hibernation        Hexes/Ice                    2
   c - Confuse                        Hexes                        3
   d - Tukima's Dance                 Hexes                        3
   e - Dazzling Spray                 Conjuration/Hexes            3
Comestibles
 c - 9 rations


   Skills:
 + Level 4.5 Fighting
 + Level 4.5 Short Blades
 + Level 4.5 Long Blades
 + Level 4.5 Axes
 + Level 4.5 Maces & Flails
 + Level 4.5 Polearms
 + Level 4.5 Staves
 + Level 4.5 Slings
 + Level 4.5 Bows
 + Level 4.5 Crossbows
 + Level 4.5 Throwing
 + Level 4.5 Armour
 + Level 6.5 Dodging
 + Level 6.2 Stealth
 + Level 4.5 Shields
 + Level 4.5 Unarmed Combat
 + Level 6.8 Spellcasting
 + Level 3.7 Conjurations
 + Level 3.7 Hexes
 + Level 3.7 Charms
 + Level 3.7 Summonings
 + Level 8.1 Necromancy
 + Level 3.7 Translocations
 + Level 3.7 Transmutations
 + Level 3.7 Fire Magic
 + Level 3.7 Ice Magic
 + Level 3.7 Air Magic
 + Level 3.7 Earth Magic
 + Level 3.7 Poison Magic
 + Level 5.0 Invocations
 + Level 4.5 Evocations


You had 7 spell levels left.
You knew the following spells:

 Your Spells              Type           Power        Failure   Level  Hunger
a - Pain                  Necr           ####         1%          1    None
d - Vampiric Draining     Necr           #####.....   1%          3    #......
n - Animate Skeleton      Necr           N/A          1%          1    None
r - Regeneration          Chrm/Necr      ####......   3%          3    #......
v - Borgnjor's Vile Clut  Necr/Erth      ####......   28%         5    #####..
A - Apportation           Tloc           ###...       2%          1    None


Dungeon Overview and Level Annotations

Branches:
Dungeon (8/15)               Lair (0/6) D:8
 Temple: D:4-7

Altars:

Shops:
D:4 (


Innate Abilities, Weirdness & Mutations

Your experience applies equally to all skills.
You have very sharp teeth.
Your uncanny sense of smell can sniff out nearby items.


Message History

Confirm with . or Enter, or press ? or * to list all spells.
Aiming: Vampiric Draining
Press: ? - help, Shift-Dir - straight line, f/p - Joseph
Aim: Joseph, wielding a quarterstaff and wearing a leather armour (heavily wounded) Joseph is almost dead.
You feel life coursing into your body. You block Joseph's attack.
The shadow imp misses you.
Casting: Vampiric Draining
Confirm with . or Enter, or press ? or * to list all spells.
Aiming: Vampiric Draining
Press: ? - help, Shift-Dir - straight line, f/p - Joseph
Aim: Joseph, wielding a quarterstaff and wearing a leather armour (almost dead)
You kill Joseph!
Your life force feels restored.
You feel life coursing into your body. The shadow imp hits you.
* * * LOW HITPOINT WARNING * * *
You barely miss the shadow imp.
The shadow imp is heavily wounded.
The shadow imp hits you.
* * * LOW HITPOINT WARNING * * *
You slash the shadow imp!
You kill the shadow imp!
Items here: ( )) [ † a quarterstaff; a glowing hunting sling; 22 sling bullets; a leather armour the human corpse of Joseph
X - a glowing hunting sling;
Y - 22 sling bullets
Casting: Vampiric Draining
Confirm with . or Enter, or press ? or * to list all spells.
Your skin crawls.
Unknown command.
A spriggan baker comes into view. It is wielding a dagger.
Found 4 rations.
Casting: Regeneration
Confirm with . or Enter, or press ? or * to list all spells.
Aiming: Pain
Press: ? - help, Shift-Dir - straight line, f - spriggan baker
Aim: a spriggan baker, wielding a dagger and wearing a robe (resting, chance to defeat MR: 54%)
The spriggan baker writhes in agony!
Casting: Pain
Confirm with . or Enter, or press ? or * to list all spells.
Aiming: Pain
Press: ? - help, Shift-Dir - straight line, f/p - spriggan baker
Aim: a spriggan baker, wielding a dagger and wearing a robe (moderately wounded, chance to defeat MR: 54%)
The spriggan baker resists with significant effort.
You block the spriggan baker's attack.
Casting: Pain
Confirm with . or Enter, or press ? or * to list all spells.
Aiming: Pain
Press: ? - help, Shift-Dir - straight line, f/p - spriggan baker
Aim: a spriggan baker, wielding a dagger and wearing a robe (moderately wounded, chance to defeat MR: 54%)
The spriggan baker writhes in agony!
The spriggan baker closely misses you.
Casting: Pain
Confirm with . or Enter, or press ? or * to list all spells.
Aiming: Pain
Press: ? - help, Shift-Dir - straight line, f/p - spriggan baker
Aim: a spriggan baker, wielding a dagger and wearing a robe (heavily wounded, chance to defeat MR: 54%)
The spriggan baker resists with significant effort.
The spriggan baker closely misses you.
You riposte.
You hit the spriggan baker but do no damage.
The spriggan baker is heavily wounded.
Casting: Pain
Confirm with . or Enter, or press ? or * to list all spells.
Aiming: Pain
Press: ? - help, Shift-Dir - straight line, f/p - spriggan baker
Aim: a spriggan baker, wielding a dagger and wearing a robe (heavily wounded, chance to defeat MR: 54%)
The spriggan baker resists with significant effort.
The spriggan baker hits you with a dagger!
* * * LOW HITPOINT WARNING * * *
Casting: Pain
Confirm with . or Enter, or press ? or * to list all spells.
Aiming: Pain
Press: ? - help, Shift-Dir - straight line, f/p - spriggan baker
Aim: a spriggan baker, wielding a dagger and wearing a robe (heavily wounded, chance to defeat MR: 54%)
The spriggan baker resists with significant effort.
The spriggan baker misses you.
You riposte.
You closely miss the spriggan baker.
The spriggan baker is heavily wounded.
Casting: Pain
Confirm with . or Enter, or press ? or * to list all spells.
Aiming: Vampiric Draining
Press: ? - help, Shift-Dir - straight line, f/p - spriggan baker
Aim: a spriggan baker, wielding a dagger and wearing a robe (heavily wounded)
The spriggan baker is almost dead.
You feel life coursing into your body.
Your skin is crawling a little less now.
You block the spriggan baker's attack.
You miss the spriggan baker.
The spriggan baker is almost dead.
The spriggan baker barely misses you.
You riposte.
You slash the spriggan baker! You freeze the spriggan baker.
You kill the spriggan baker!
Your Invocations skill increases to level 5!
Things that are here:
a dagger; a robe Your skin stops crawling.
You see here 2 rations.
c - 7 rations (gained 2)
You see here 2 rations.
c - 9 rations (gained 2) Are you sure you want to abandon this character and quit the game? (Confirm with "yes".)

#######........#.# #...
#######..#.# #.#.
#.......#.. #.##
#.......### #.##
#........ #.#.
#####...## #... #...#
#... #####...# #...
######@#.###.# #...
#....#.....).# #...
#....#######.#.#####.##
#.......#....#.......##
#...).....##.#.#####...
#............# #...
#.........#..# #...
#............# #...
#.........##.# #...


There were no monsters in sight!

Vanquished Creatures
  A two-headed ogre (D:8)
  Joseph (D:7)
  A spriggan (D:7)
  A hungry ghost (D:8)
  A black bear (D:8)
  An ice beast (D:7)
  A phantom (D:8)
  3 ogres
  Blork the orc (D:5)
  2 bullfrogs (D:8)
  4 wights (D:7)
  A howler monkey (D:4)
  A crimson imp (D:5)
  3 bullfrog zombies
  2 hounds
  2 jellies
  2 orc wizards (D:4)
  5 orc priests
  A bullfrog skeleton (D:7)
  A gnoll shaman (D:8)
  A centaur skeleton (D:5)
  An iguana (D:8)
  A worker ant (D:8)
  A killer bee zombie (D:7)
  3 adders
  5 gnolls
  A shadow imp (D:7)
  A worm (D:4)
  2 adder skeletons
  3 leopard geckos (D:4)
  16 orcs
  A ball python (D:5)
  A goblin (D:2)
  10 jackals
  3 quokkas
  A bat (D:3)
  2 frilled lizards
  A quokka skeleton (D:8)
  2 rats
91 creatures vanquished.

Notes
Turn   | Place    | Note
-------+----------+-------------------------------------------
     0 | D:1      | tidbits the Gnoll Necromancer began the quest for the Orb.
     0 | D:1      | Reached XP level 1. HP: 13/13 MP: 6/6
   204 | D:2      | Reached XP level 2. HP: 17/19 MP: 4/7
   244 | D:4      | Learned a level 1 spell: Animate Skeleton
   297 | D:4      | Reached skill level 5 in Spellcasting
   297 | D:4      | Reached XP level 3. HP: 20/25 MP: 4/9
   302 | D:4      | Learned a level 3 spell: Vampiric Draining
   306 | D:4      | Learned a level 3 spell: Regeneration
   312 | D:4      | Reached skill level 1 in Invocations
   339 | D:5      | Entered Level 5 of the Dungeon
   346 | D:5      | Got a scorched whip
   347 | D:5      | Identified the +7 whip "Kostrebe" {flame, Stlth+} (You found it on level 5 of the Dungeon)
   357 | D:5      | Reached skill level 1 in Fighting
   357 | D:5      | Reached skill level 1 in Short Blades
   357 | D:5      | Reached skill level 1 in Long Blades
   357 | D:5      | Reached skill level 1 in Axes
   357 | D:5      | Reached skill level 1 in Maces & Flails
   357 | D:5      | Reached skill level 1 in Polearms
   357 | D:5      | Reached skill level 1 in Staves
   357 | D:5      | Reached skill level 1 in Slings
   357 | D:5      | Reached skill level 1 in Bows
   357 | D:5      | Reached skill level 1 in Crossbows
   357 | D:5      | Reached skill level 1 in Throwing
   357 | D:5      | Reached skill level 1 in Armour
   357 | D:5      | Reached skill level 1 in Shields
   357 | D:5      | Reached skill level 1 in Unarmed Combat
   357 | D:5      | Reached skill level 1 in Evocations
   357 | D:5      | Reached XP level 4. HP: 17/32 MP: 7/11
   379 | D:5      | Reached skill level 1 in Conjurations
   379 | D:5      | Reached skill level 1 in Hexes
   379 | D:5      | Reached skill level 1 in Charms
   379 | D:5      | Reached skill level 1 in Summonings
   379 | D:5      | Reached skill level 1 in Translocations
   379 | D:5      | Reached skill level 1 in Transmutations
   379 | D:5      | Reached skill level 1 in Fire Magic
   379 | D:5      | Reached skill level 1 in Ice Magic
   379 | D:5      | Reached skill level 1 in Air Magic
   379 | D:5      | Reached skill level 1 in Earth Magic
   379 | D:5      | Reached skill level 1 in Poison Magic
   423 | D:5      | Reached XP level 5. HP: 36/37 MP: 6/12
   430 | D:5      | Learned a level 5 spell: Borgnjor's Vile Clutch
   468 | D:7      | Noticed an ice beast
   479 | D:7      | Killed an ice beast
   534 | D:7      | Learned a level 1 spell: Apportation
   566 | D:7      | Reached XP level 6. HP: 35/44 MP: 8/13
   602 | D:8      | Reached skill level 2 in Invocations
   609 | D:8      | Noticed a phantom
   716 | D:6      | Reached skill level 2 in Fighting
   716 | D:6      | Reached skill level 2 in Short Blades
   716 | D:6      | Reached skill level 2 in Long Blades
   716 | D:6      | Reached skill level 2 in Axes
   716 | D:6      | Reached skill level 2 in Maces & Flails
   716 | D:6      | Reached skill level 2 in Polearms
   716 | D:6      | Reached skill level 2 in Staves
   716 | D:6      | Reached skill level 2 in Slings
   716 | D:6      | Reached skill level 2 in Bows
   716 | D:6      | Reached skill level 2 in Crossbows
   716 | D:6      | Reached skill level 2 in Throwing
   716 | D:6      | Reached skill level 2 in Armour
   716 | D:6      | Reached skill level 5 in Dodging
   716 | D:6      | Reached skill level 2 in Shields
   716 | D:6      | Reached skill level 2 in Unarmed Combat
   716 | D:6      | Reached skill level 2 in Evocations
   774 | D:5      | Noticed a sky beast
   805 | D:4      | Reached XP level 7. HP: 30/50 MP: 5/15
   839 | D:4      | Reached skill level 2 in Conjurations
   839 | D:4      | Reached skill level 2 in Hexes
   839 | D:4      | Reached skill level 2 in Charms
   839 | D:4      | Reached skill level 2 in Summonings
   839 | D:4      | Reached skill level 2 in Translocations
   839 | D:4      | Reached skill level 2 in Transmutations
   839 | D:4      | Reached skill level 2 in Fire Magic
   839 | D:4      | Reached skill level 2 in Ice Magic
   839 | D:4      | Reached skill level 2 in Air Magic
   839 | D:4      | Reached skill level 2 in Earth Magic
   839 | D:4      | Reached skill level 2 in Poison Magic
  1026 | D:5      | Noticed Blork the orc
  1046 | D:5      | Killed Blork the orc
  1046 | D:5      | Reached skill level 5 in Stealth
  1055 | D:5      | Reached skill level 3 in Invocations
  1135 | D:4      | Found Vadurgh's Weapon Boutique.
  1169 | D:4      | You fall through a shaft!
  1240 | D:6      | Noticed a steam dragon
  1242 | D:6      | Noticed a steam dragon
  1244 | D:6      | You fall through a shaft for 2 floors!
  1258 | D:8      | Reached XP level 8. HP: 34/57 MP: 16/16
  1279 | D:8      | Reached skill level 3 in Fighting
  1279 | D:8      | Reached skill level 3 in Short Blades
  1279 | D:8      | Reached skill level 3 in Long Blades
  1279 | D:8      | Reached skill level 3 in Axes
  1279 | D:8      | Reached skill level 3 in Maces & Flails
  1279 | D:8      | Reached skill level 3 in Polearms
  1279 | D:8      | Reached skill level 3 in Staves
  1279 | D:8      | Reached skill level 3 in Slings
  1279 | D:8      | Reached skill level 3 in Bows
  1279 | D:8      | Reached skill level 3 in Crossbows
  1279 | D:8      | Reached skill level 3 in Throwing
  1279 | D:8      | Reached skill level 3 in Armour
  1279 | D:8      | Reached skill level 3 in Shields
  1279 | D:8      | Reached skill level 3 in Unarmed Combat
  1279 | D:8      | Reached skill level 3 in Evocations
  1297 | D:8      | Reached skill level 6 in Spellcasting
  1400 | D:8      | Found a staircase to the Lair.
  1491 | D:8      | Noticed a two-headed ogre
  1497 | D:8      | Killed a two-headed ogre
  1497 | D:8      | Reached skill level 4 in Fighting
  1497 | D:8      | Reached skill level 4 in Short Blades
  1497 | D:8      | Reached skill level 4 in Long Blades
  1497 | D:8      | Reached skill level 4 in Axes
  1497 | D:8      | Reached skill level 4 in Maces & Flails
  1497 | D:8      | Reached skill level 4 in Polearms
  1497 | D:8      | Reached skill level 4 in Staves
  1497 | D:8      | Reached skill level 4 in Slings
  1497 | D:8      | Reached skill level 4 in Bows
  1497 | D:8      | Reached skill level 4 in Crossbows
  1497 | D:8      | Reached skill level 4 in Throwing
  1497 | D:8      | Reached skill level 4 in Armour
  1497 | D:8      | Reached skill level 6 in Dodging
  1497 | D:8      | Reached skill level 4 in Shields
  1497 | D:8      | Reached skill level 4 in Unarmed Combat
  1497 | D:8      | Reached skill level 3 in Conjurations
  1497 | D:8      | Reached skill level 3 in Hexes
  1497 | D:8      | Reached skill level 3 in Charms
  1497 | D:8      | Reached skill level 3 in Summonings
  1497 | D:8      | Reached skill level 3 in Translocations
  1497 | D:8      | Reached skill level 3 in Transmutations
  1497 | D:8      | Reached skill level 3 in Fire Magic
  1497 | D:8      | Reached skill level 3 in Ice Magic
  1497 | D:8      | Reached skill level 3 in Air Magic
  1497 | D:8      | Reached skill level 3 in Earth Magic
  1497 | D:8      | Reached skill level 3 in Poison Magic
  1497 | D:8      | Reached skill level 4 in Invocations
  1497 | D:8      | Reached skill level 4 in Evocations
  1497 | D:8      | Reached XP level 9. HP: 58/65 MP: 18/18
  1561 | D:7      | Got a warped cloak
  1572 | D:7      | Identified the cursed +0 cloak "Tuno" {Dex+5 Stlth+} (You found it on level 7 of the Dungeon)
  1596 | D:7      | Reached skill level 6 in Stealth
  1596 | D:7      | Reached skill level 8 in Necromancy
  1646 | D:7      | Noticed Joseph
  1663 | D:7      | Killed Joseph
  1686 | D:7      | Reached skill level 5 in Invocations
  1696 | D:7      | Quit the game

Skill      XL: |  1  2  3  4  5  6  7  8  9 |
---------------+----------------------------+-----
Spellcasting   | 5 6 |  6.8
Invocations    | 1 2 3 4 5 |  5.0
Fighting       | 1 2 4 |  4.5
Short Blades   | 1 2 4 |  4.5
Long Blades    | 1 2 4 |  4.5
Axes           | 1 2 4 |  4.5
Maces & Flails | 1 2 4 |  4.5
Polearms       | 1 2 4 |  4.5
Staves         | 1 2 4 |  4.5
Slings         | 1 2 4 |  4.5
Bows           | 1 2 4 |  4.5
Crossbows      | 1 2 4 |  4.5
Throwing       | 1 2 4 |  4.5
Armour         | 1 2 4 |  4.5
Shields        | 1 2 4 |  4.5
Unarmed Combat | 1 2 4 |  4.5
Evocations     | 1 2 4 |  4.5
Conjurations   | 1 2 3 |  3.7
Hexes          | 1 2 3 |  3.7
Charms         | 1 2 3 |  3.7
Summonings     | 1 2 3 |  3.7
Translocations | 1 2 3 |  3.7
Transmutations | 1 2 3 |  3.7
Fire Magic     | 1 2 3 |  3.7
Ice Magic      | 1 2 3 |  3.7
Air Magic      | 1 2 3 |  3.7
Earth Magic    | 1 2 3 |  3.7
Poison Magic   | 1 2 3 |  3.7
Dodging        | 5 6 |  6.5
Stealth        | 5 6 |  6.2
Necromancy     | 8 |  8.1

Action                   |  1- 3 |  4- 6 |  7- 9 || total
-------------------------+-------+-------+-------++-------
Melee: Whip              |     6 |    32 |   172 ||   210
       Bite              |     1 |     2 |    15 ||    18
       Dagger            |       |     1 |       ||     1
       Scimitar          |       |       |    24 ||    24
Throw: Tomahawk          |       |       |     1 ||     1
 Cast: Pain              |    22 |    24 |    29 ||    75
       Regeneration      |       |     7 |    13 ||    20
       Vampiric Draining |       |       |     7 ||     7
Evoke: Wand              |       |       |     6 ||     6
  Use: Scroll            |       |       |     1 ||     1
 Stab: Sleeping          |       |     2 |     9 ||    11
       Distracted        |       |       |     1 ||     1
  Eat: Chunk             |       |       |     2 ||     2
       Ration            |       |       |     1 ||     1
Armor: Robe              |       |     6 |     2 ||     8
       Leather armour    |       |       |    28 ||    28
Dodge: Dodged            |     6 |    35 |   139 ||   180
Block: Buckler           |       |       |    53 ||    53
       Rpst.: Scimitar   |       |       |     7 ||     7

Table legend:
 A = Turns spent in this place as a percentage of turns spent in the entire game.
 B = Non-inter-level travel turns spent in this place as a percentage of non-inter-level travel turns spent in the entire game.
 C = Inter-level travel turns spent in this place as a percentage of turns spent in this place.
 D = Turns resting spent in this place as a percentage of non-inter-level travel turns spent in this place.
 E = Turns spent auto-exploring this place as a percentage of non-inter-level travel turns spent in this place.
 F = Non-inter-level travel turns spent in this place divided by the number of levels of this place that you've seen.
                   A       B       C       D       E      F
               +-------+-------+-------+-------+-------+----------------------
         Total | 100.0 | 100.0 |   0.8 |   0.0 |   0.0 | 210.4
       Dungeon | 100.0 | 100.0 |   0.8 |   0.0 |   0.0 | 210.4
               +-------+-------+-------+-------+-------+----------------------

Table legend:
 A = Kills in this place as a percentage of kills in entire the game.
 B = Kills by you in this place as a percentage of kills by you in the entire game.
 C = Kills by friends in this place as a percentage of kills by friends in the entire game.
 D = Other kills in this place as a percentage of other kills in the entire game.
 E = Experience gained in this place as a percentage of experience gained in the entire game.
 F = Experience gained in this place divided by the number of levels of this place that you have seen.
                   A       B       C       D       E      F
               +-------+-------+-------+-------+-------+----------------------
         Total | 100.0 | 100.0 |   N/A |   N/A | 100.0 | 522.0
       Dungeon | 100.0 | 100.0 |   N/A |   N/A | 100.0 | 522.0
               +-------+-------+-------+-------+-------+----------------------

Vault maps used:
D:1:      dpeg_arrival_shelter, serial_forest, infiniplex_forest_end_1,
          infiniplex_forest_lined_2, infiniplex_forest_clump_C,
          infiniplex_forest_corner_2, infiniplex_forest_clump_small,
          infiniplex_forest_lined_room_2, st_stairs_5
D:2:      uniq_crazy_yiuf_cottage
D:3:      nrook_uturn
D:4:      minmay_temple_entry_from_below_a, first_ration, serial_shops, shop
D:5:      uniq_blork_the_orc
D:6:      kennysheep_steamy
D:7:      roderic_lattice_a, the_bakery, uniq_joseph
D:8:      dpeg_oklobed_lair
